 Dungeon Crawl Stone Soup version 0.25-a0-447-gff83419037 (webtiles) character file.

Game seed: 9362851423888044786, levelgen mode: deterministic

3798 Elellon the Thaumaturge (level 9, -3/45 HPs)
             Began as a Deep Elf Conjurer on Jan 30, 2020.
             Was a Believer of Vehumet.
             Killed from afar by Harold (6 damage)
             ... with a harpoon shot
             ... on level 9 of the Dungeon on Jan 31, 2020.
             The game lasted 00:17:48 (10398 turns).

Elellon the Thaumaturge (Deep Elf Conjurer)        Turns: 10398, Time: 00:17:49

Health: -3/45      AC:  6    Str:  7    XL:     9   Next: 96%
Magic:  14/27      EV: 13    Int: 22    God:    Vehumet [**....]
Gold:   445        SH:  6    Dex: 21    Spells: 25/32 levels left

rFire    + . .     SeeInvis .   n - +2 short sword (vamp)
rCold    x . .     Gourm    .   m - +0 buckler
rNeg     + . .     Faith    .   u - +2 robe "Puiny" {rN+}
rPois    .         Spirit   .   (no helmet)
rElec    .         Reflect  .   B - +0 cloak
rCorr    .         Harm     .   f - +0 pair of gloves
MR       .....                  (no boots)
Stlth    ++........             (no amulet)
HPRegen  0.15/turn              g - +6 ring of dexterity
MPRegen  0.20/turn              K - ring of fire

@: marked
A: no striking features
a: Renounce Religion


You were on level 9 of the Dungeon.
You worshipped Vehumet.
Vehumet was pleased with you.
You were not hungry.

You visited 2 branches of the dungeon, and saw 10 of its levels.

You collected 445 gold pieces.

Inventory:

Hand Weapons
 n - a +2 vampiric short sword (weapon)
 E - a +0 scimitar of protection
Missiles
 i - 19 poisoned darts (quivered)
Armour
 f - a +0 pair of gloves (worn)
 m - a +0 buckler (worn)
 u - the +2 robe "Puiny" (worn) {rN+}
   (You found it on level 4 of the Dungeon)

   It protects you from negative energy.
   If you remove this armour, your AC will fall 4 points (6 -> 2)
 B - a +0 cloak (worn)
Jewellery
 g - a +6 ring of dexterity (left hand)
 j - an uncursed ring of ice
 G - an uncursed ring of protection from magic
 K - a ring of fire (right hand)
Wands
 a - a wand of acid (4)
 o - a wand of flame (44)
 D - a wand of polymorph (5)
Scrolls
 b - 2 scrolls of enchant weapon
 d - 8 scrolls of remove curse
 e - 2 scrolls of teleportation
 k - 2 scrolls of immolation
 l - a scroll of blinking {unknown}
 v - 2 scrolls of fog {unknown}
 w - a scroll of amnesia {unknown}
 y - 2 scrolls of identify
 A - a scroll of magic mapping
 F - a scroll of noise {unknown}
 J - a scroll of fear {unknown}
Potions
 h - 2 potions of lignification
 q - 2 potions of mutation {unknown}
 r - 2 potions of curing {unknown}
 s - 2 potions of flight {unknown}
 t - a potion of might {unknown}
 x - 3 potions of resistance {unknown}
 z - a potion of berserk rage {unknown}
 C - 3 potions of brilliance
 H - a potion of agility {unknown}
 I - a potion of heal wounds {unknown}
Comestibles
 c - 13 rations
 p - 15 chunks of flesh


   Skills:
 - Level 2.4 Dodging
 - Level 2.4 Stealth
 - Level 4.0 Shields
 + Level 12.4 Spellcasting
 + Level 11.1 Conjurations


You had 25 spell levels left.
You knew the following spells:

 Your Spells              Type           Power        Failure   Level  Hunger
a - Magic Dart            Conj           ####         1%          1    None
b - Searing Ray           Conj           ######       1%          2    None
c - Iskenderun's Mystic   Conj/Tloc      #####...     4%          4    None

Your spell library contained the following spells:

 Spells                   Type           Power        Failure   Level  Hunger
 Sandblast                Erth           ##....       4%          1    None
 Dazzling Flash           Conj/Hex       #####.       1%          3    None
 Fulminant Prism          Conj/Hex       #####.....   4%          4    None


Dungeon Overview and Level Annotations

Branches:
Dungeon (9/15)             Temple (1/1) D:4
   Lair: D:8-11         Orc: D:9-12

Altars:
Ashenzari
Cheibriados
Dithmenos
Elyvilon
Fedhas
Gozag
Hepliaklqana
Kikubaaqudgha
Makhleb
Nemelex Xobeh
Okawaru
Qazlal
Ru
Trog
Uskayaw
Vehumet
Wu Jian
Xom
Yredelemnul
Zin
The Shining One
Beogh

Shops:
D:4 }*   D:8 %[

Annotations:
D:9 Harold


Message History

Harold is moderately wounded.
Harold hits you with a +0 trident!
* * * LOW HITPOINT WARNING * * *
Casting: Searing Ray (safe; 1% risk of failure)
Confirm with . or Enter, or press ? or * to list all spells.
You erupt in a blast of force!
The mystic blast hits Harold.
Harold is heavily wounded.
Harold is knocked back by the mystic blast.
Harold slams into the rock wall!
Casting: Iskenderun's Mystic Blast (safe; 4% risk of failure)
Confirm with . or Enter, or press ? or * to list all spells.
Aiming: Searing Ray (safe; 1% risk of failure)
Press: ? - help, Shift-Dir - straight line, f/p - Harold
Aim: Harold, wielding a +0 trident, wearing a +2 scale mail of cold resistance and quivering 3 throwing nets (heavily wounded)
The searing ray hits Harold!
Harold is severely wounded. (Press . to maintain the ray.) Harold fires a harpoon shot at you.
The harpoon shot hits you.
You die...

#### #### ###.(###
#... ##......##
###)#. #
#@.......####.).#. #
#.............##_..#.
#
#.@............#...#.
##
##....>........#...#.
.#
#.............#####.
.##
#.##..............##
o.# ..
##..............# .o#
#.# ###.............
#.## ######........


You could see Harold.

Vanquished Creatures
  Pikel (D:9)
  A troll (D:7)
  Sigmund (D:4)
  A water moccasin (D:8)
  5 orc warriors
  2 sky beasts
  2 phantoms
  2 slaves (D:9)
  2 centaurs
  2 ogres
  2 bullfrogs
  3 scorpions
  5 wights (D:7)
  3 electric eels (D:8)
  A howler monkey (D:6)
  A centaur zombie (D:6)
  2 hounds
  3 crimson imps
  A centaur skeleton (D:6)
  4 orc wizards
  7 orc priests
  Crazy Yiuf (D:5)
  5 iguanas
  2 bullfrog skeletons
  Terence (D:3)
  A worker ant (D:3)
  A hound zombie (D:7)
  A howler monkey skeleton (D:7)
  3 gnolls (D:6)
  13 adders
  2 shadow imps (D:5)
  An adder zombie (D:5)
  2 adder skeletons (D:4)
  2 worms
  A dart slug (D:4)
  4 leopard geckos
  30 orcs
  3 ball pythons (D:1)
  7 bats
  3 giant cockroaches
  3 goblins (D:3)
  2 hobgoblins
  6 jackals
  4 kobolds
  A quokka (D:5)
  5 frilled lizards
  A quokka skeleton (D:4)
  A quokka zombie (D:7)
  2 rats (D:1)
159 creatures vanquished.

Vanquished Creatures (others)
  A slave (D:9)
  An orc priest (D:9)
  An orc wizard (D:9)
  An orc (D:9)
4 creatures vanquished.

Grand Total: 163 creatures vanquished

Notes
Turn   | Place    | Note
-------+----------+-------------------------------------------
     0 | D:1      | Elellon the Deep Elf Conjurer began the quest for the Orb.
     0 | D:1      | Reached XP level 1. HP: 10/10 MP: 6/6
   297 | D:1      | Reached XP level 2. HP: 10/15 MP: 0/8
   393 | D:1      | Learned a level 2 spell: Searing Ray
   986 | D:2      | Reached skill level 4 in Spellcasting
  1241 | D:2      | Reached XP level 3. HP: 19/19 MP: 5/10
  1377 | D:2      | Reached skill level 5 in Conjurations
  2019 | D:3      | Found a glowing golden altar of the Shining One.
  2053 | D:3      | Noticed Terence
  2056 | D:3      | Reached skill level 1 in Shields
  2056 | D:3      | Reached XP level 4. HP: 24/24 MP: 6/12
  2063 | D:3      | Killed Terence
  2313 | D:3      | Reached skill level 5 in Spellcasting
  2498 | D:3      | Reached XP level 5. HP: 28/28 MP: 8/14
  2925 | D:4      | Found Heuliomi's Gadget Shoppe.
  3047 | D:4      | Found a hazy altar of Hepliaklqana.
  3069 | D:4      | Found a shadowy altar of Dithmenos.
  3100 | D:4      | Found a staircase to the Ecumenical Temple.
  3107 | Temple   | Entered the Ecumenical Temple
  3174 | Temple   | Became a worshipper of Vehumet
  3418 | D:4      | Got a silken robe
  3428 | D:4      | Identified the +2 robe "Puiny" {rN+} (You found it on level
                  | 4 of the Dungeon)
  3523 | D:4      | Reached XP level 6. HP: 32/32 MP: 13/16
  3568 | D:4      | Found Poam's General Store.
  3811 | D:4      | Noticed Sigmund
  3817 | D:4      | Killed Sigmund
  3817 | D:4      | Reached skill level 6 in Spellcasting
  4272 | D:5      | Entered Level 5 of the Dungeon
  4297 | D:5      | Reached XP level 7. HP: 36/36 MP: 10/18
  4491 | D:5      | Reached skill level 7 in Spellcasting
  4508 | D:5      | Reached * piety under Vehumet
  4508 | D:5      | Offered knowledge of Shock by Vehumet.
  4890 | D:5      | Found a sparkling altar of Nemelex Xobeh.
  5042 | D:5      | Reached XP level 8. HP: 9/41 MP: 7/21
  5488 | D:5      | Reached skill level 8 in Spellcasting
  5659 | D:5      | Found a glowing silver altar of Zin.
  5700 | D:5      | Found a basalt altar of Yredelemnul.
  5754 | D:5      | Found a runed translucent door.
  5755 | D:5      | Noticed Crazy Yiuf
  5797 | D:5      | Found a bloodstained altar of Trog.
  5799 | D:5      | Found an iron altar of Okawaru.
  5884 | D:5      | Killed Crazy Yiuf
  6285 | D:6      | Reached skill level 9 in Spellcasting
  6971 | D:6      | Found a white marble altar of Elyvilon.
  6972 | D:6      | Found a blossoming altar of Fedhas.
  7125 | D:6      | Found a shimmering altar of Xom.
  7126 | D:6      | Found a shattered altar of Ashenzari.
  7518 | D:7      | Reached skill level 10 in Spellcasting
  7639 | D:7      | Found an opulent altar of Gozag.
  7685 | D:7      | Learned a level 4 spell: Iskenderun's Mystic Blast
  7840 | D:7      | Noticed a troll
  7849 | D:7      | Killed a troll
  7849 | D:7      | Reached XP level 9. HP: 44/45 MP: 15/25
  8490 | D:7      | Reached skill level 11 in Spellcasting
  8490 | D:7      | Reached skill level 10 in Conjurations
  8768 | D:8      | Found Hankuc's Armour Boutique.
  8771 | D:8      | Found Uzetos's Food Boutique.
  9059 | D:8      | Upgraded the game from 0.25-a0-443-gece2dee8bd to
                  | 0.25-a0-447-gff83419037
  9748 | D:8      | Found a radiant altar of Vehumet.
  9814 | D:9      | Noticed Pikel
  9822 | D:9      | Killed Pikel
  9822 | D:9      | Reached ** piety under Vehumet
  9822 | D:9      | Reached skill level 12 in Spellcasting
  9899 | D:9      | Offered knowledge of Sandblast by Vehumet.
 10260 | D:9      | Found a roughly hewn altar of Beogh.
 10389 | D:9      | Noticed Harold
 10398 | D:9      | Killed from afar by Harold

Levels and vault maps discovered:
D:1:      dpeg_arrival_houses_and_road, layout_basic, minmay_shallow_snake_nest
D:2:      layout_basic
D:3:      layout_loops_ring, nicolae_tso_swordbearing_angel, uniq_terence
D:4:      cheibrodos_old_hovel, layout_loops_corners, lemuel_doored_altar,
          kennysheep_little_box, minmay_temple_entry_drinking_statues,
          serial_shops, shop, nicolae_shop_stone, first_ration,
          minmay_statues_item, nrook_loot_triangle, minmay_ruptured,
          uniq_sigmund
D:5:      minmay_chambers_of_threes, layout_rooms,
          grunt_temple_overflow_bloody_war, kennysheep_mini_moat, zin_academy,
          basic_altar, uniq_crazy_yiuf_cottage
D:6:      layout_basic, nicolae_overflow_hidden_temple
D:7:      layout_basic, minivault_24,
          nicolae_gozag_cash_rules_everything_around_me
D:8:      layout_rooms, basic_altar, serial_shops, shop, shop,
          serial_bayou_ford_a
D:9:      layout_cave_pods, basic_altar, special_room [special_room_orc],
          serial_shops, shop_fountains, uniq_pikel, uniq_harold
Temple:   jpeg_temple_clearing

Skill      XL: |  1  2  3  4  5  6  7  8  9 |
---------------+----------------------------+-----
Spellcasting   | 4 5 6 7 10 12 | 12.4
Conjurations   | 5 6 7 9 11 | 11.1
Shields        | 1 2 3 4 |  4.0
Dodging        | |  2.4
Stealth        | |  2.4

Action                   |  1- 3 |  4- 6 |  7- 9 || total
-------------------------+-------+-------+-------++-------
Melee: Short sword       |       |       |     4 ||     4
Throw: Dart              |       |       |    17 ||    17
 Cast: Magic Dart        |    63 |    51 |   121 ||   235
       Searing Ray       |     2 |    14 |    69 ||    85
       Iskenderun's Myst |       |       |     1 ||     1
  Use: Scroll            |       |     6 |     6 ||    12
  Eat: Chunk             |     3 |     6 |    17 ||    26
       Ration            |       |       |     1 ||     1
Armor: Robe              |     4 |     1 |    15 ||    20
Dodge: Dodged            |     7 |     3 |    37 ||    47
Block: Buckler           |       |       |    17 ||    17

Table legend:
 A = Non-vault XP
 B = Vault XP
 C = Vault XP percentage of total XP
 D = Non-vault monster count
 E = Vault monster count
 F = Vault count percentage of total count
                 A         B        C        D         E       F
            +---------+---------+-------+---------+---------+-------
      Total |    3660 |    1766 |  32.5 |     126 |      31 |  19.7
            +---------+---------+-------+---------+---------+-------
        D:1 |      22 |       3 |  12.0 |      13 |       2 |  13.3
        D:2 |      48 |       0 |   0.0 |      13 |       0 |   0.0
        D:3 |     143 |      36 |  20.1 |      18 |       1 |   5.3
        D:4 |     122 |     293 |  70.6 |      13 |       5 |  27.8
        D:5 |     802 |     368 |  31.5 |      23 |      10 |  30.3
        D:6 |     539 |       0 |   0.0 |      16 |       0 |   0.0
        D:7 |    1508 |       0 |   0.0 |      23 |       0 |   0.0
        D:8 |     422 |       0 |   0.0 |       5 |       0 |   0.0
        D:9 |      54 |    1066 |  95.2 |       2 |      13 |  86.7
            +---------+---------+-------+---------+---------+-------
